 Dungeon Crawl Stone Soup version 0.31-a0-37-g98a128e1d9 (webtiles) character file.

Game seed: 5008592912091488288

44 Nedwor the Cutter (level 3, -4/28 HPs)
             Began as a Demonspawn Gladiator on May 15, 2023.
             Slain by a gnoll
             ... wielding a +0 flail
              (5 damage)
             ... on level 2 of the Dungeon.
             The game lasted 00:01:11 (829 turns).

Nedwor the Cutter (Demonspawn Gladiator)             Turns: 829, Time: 00:01:12

Health: -4/28      AC:  5    Str: 16    XL:     3   Next: 41%
Magic:  3/3        EV: 12    Int:  9    God:
Gold:   34         SH:  0    Dex: 14    Spells: 2/2 levels left

rFire   . . .        a - +0 rapier
rCold   . . .        (no shield)
rNeg    . . .        b - +0 leather armour
rPois   .            c - +0 helmet
rElec   .            g - +0 cloak
rCorr   .            (no gloves)
SInv    .            (no boots)
Will    .....        (no amulet)
Stlth   +            (no ring)
HPRegen 0.24/turn    (no ring)
MPRegen 0.08/turn

%: no passive effects
@: no status effects
A: weakness stinger 1, demonic touch 1
a: no special abilities


You were on level 2 of the Dungeon.
You visited 1 branch of the dungeon, and saw 2 of its levels.

You collected 34 gold pieces.

Inventory:

Hand Weapons
 a - a +0 rapier (weapon)
Missiles
 d - 3 throwing nets (quivered)
 e - a javelin
 k - 5 silver javelins
Armour
 b - a +0 leather armour (worn)
 c - a +0 helmet (worn)
 g - a +0 cloak (worn)
Scrolls
 h - 3 scrolls of teleportation {unknown}
 i - a scroll of fear {unknown}
 j - a scroll of torment {unknown}
 n - a scroll of immolation {unknown}
 o - a scroll of brand weapon {unknown}
Potions
 f - a potion of cancellation {unknown}
 l - a potion of heal wounds {unknown}
 m - a potion of invisibility {unknown}


   Skills:
 + Level 2.4 Fighting
 * Level 3.3 Short Blades
 - Level 1.7 Throwing
 + Level 1.0 Armour
 + Level 3.0 Dodging


You had 2 spell levels left.
You didn't know any spells.
Your spell library contained the following spells:

 Spells                   Type           Power      Damage    Failure   Level
 Cigotuvi's Dreadful Rot  Necr/Pois/Air  0%         N/A       58%         2
 Ignite Poison            Fire/Tmut/Pois 0%         N/A       83%         3
 Freezing Cloud           Conj/Ice/Air   0%         6-21      100%        5


Dungeon Overview and Level Annotations

Branches:
Dungeon (2/15)

Altars:

Shops:
D:1 !


Innate Abilities, Weirdness & Mutations

You have a small tail.
Your touch may inflict minor irresistible damage on your foes.


Message History

The hobgoblin barely misses you. The gnoll misses you.
You hit the gnoll but do no damage.
The gnoll is severely wounded.
The hobgoblin closely misses you. The gnoll hits you with a +0 spear.
You are too injured to fight recklessly!
You are too injured to fight recklessly!
You are too injured to fight recklessly!
You are too injured to fight recklessly!
You are too injured to fight recklessly!
You are too injured to fight recklessly!
You are too injured to fight recklessly!
You are too injured to fight recklessly!
You are too injured to fight recklessly!
You are too injured to fight recklessly!
You are too injured to fight recklessly!
You are too injured to fight recklessly!
You are too injured to fight recklessly!
There are monsters nearby!
You are too injured to fight recklessly!
Unknown command.
You are too injured to fight recklessly!
Unknown command.
You are too injured to fight recklessly!
You barely miss the gnoll. The gnoll hits you with a +0 flail!
* * * LOW HITPOINT WARNING * * *
The hobgoblin hits you but does no damage.
The gnoll barely misses you.
You hit the gnoll but do no damage. You tail-slap the gnoll.
The gnoll is lightly wounded.
The gnoll misses you. The gnoll hits you with a +0 club.
* * * LOW HITPOINT WARNING * * *
The hobgoblin hits you with a +0 club.
* * * LOW HITPOINT WARNING * * *
The gnoll hits you with a +0 spear.
* * * LOW HITPOINT WARNING * * *
Unknown command.
You hit the gnoll.
The gnoll is moderately wounded.
The gnoll hits you with a +0 flail.
You die...

...............
#................. .
###.......########## ..
................... ...
..................
....###...........#####.
#...#........<..#####.
#...ggg...............
#...g@......##........
.......................#
......###..............#
...... #...............
..... #...............#
..... #................
.... #.............#..
.... ..................
##.......#.........


You could see 3 gnolls and a hobgoblin.

Vanquished Creatures
  An adder (D:2)
  A worm (D:1)
  2 dart slugs (D:1)
  6 endoplasms
  2 giant cockroaches (D:1)
  A goblin (D:1)
  A hobgoblin (D:1)
  3 quokkas (D:1)
  4 ball pythons
  2 bats (D:1)
  A frilled lizard (D:1)
  2 kobolds (D:1)
26 creatures vanquished.

Notes
Turn   | Place    | Note
-------+----------+-------------------------------------------
     0 | D:1      | Nedwor the Demonspawn Gladiator began the quest for the
                  | Orb.
     0 | D:1      | Reached XP level 1. HP: 16/16 MP: 1/1
   131 | D:1      | Discovered your monstrous ancestry.
   131 | D:1      | Gained mutation: Your touch may inflict minor irresistible
                  | damage on your foes. [demonic ancestry]
   131 | D:1      | Reached XP level 2. HP: 22/22 MP: 2/2
   188 | D:1      | Found Jihaneu's Distillery.
   426 | D:1      | Found a faded altar of an unknown god.
   437 | D:1      | Gained mutation: You have a small tail. [demonic ancestry]
   437 | D:1      | Reached XP level 3. HP: 23/28 MP: 3/3
   759 | D:2      | Reached skill level 1 in Armour
   828 | D:2      | HP: 1/28 [gnoll/+0 spear (2)]
   829 | D:2      | Slain by a gnoll

Illustrated notes

Levels and vault maps discovered:
D:1:      dpeg_arrival_rhombus, layout_basic,
          hellmonk_ecumenical_altar_leap_of_faith, serial_shops, shop,
          nicolae_wormholes
D:2:      layout_basic

Skill      XL: |  1  2  3 |
---------------+----------+-----
Short Blades   | 3 |  3.3
Armour         | 1 |  1.0
Dodging        | 3 |  3.0
Fighting       | |  2.4
Throwing       | |  1.7

Action                     || total
---------------------------++-------
  Melee: Rapier            ||    83
         Touch             ||    15
         Tailslap          ||     3
 Armour: Leather armour    ||    21
  Dodge: Dodged            ||    60

Table legend: (Time is in decaauts)
 A = Elapsed time spent in this place.
 B = Non-inter-level travel time spent in this place.
 C = Inter-level travel time spent in this place.
 D = Time resting spent in this place.
 E = Time spent auto-exploring this place.
 F = Levels seen in this place.
 G = Mean time per level.
                   A        B        C        D        E       F      G
               +--------+--------+--------+--------+--------+-----+--------+
         Total |    832 |    809 |     23 |      0 |    609 |   2 |  416.0 |
       Dungeon |    832 |    809 |     23 |      0 |    609 |   2 |  416.0 |
               +--------+--------+--------+--------+--------+-----+--------+

Top non-repeatable levels by time:
     D:1: 607 daAuts
     D:2: 225 daAuts
